 Dungeon Crawl Stone Soup version 0.30.1-4-g462c640d31 (webtiles) character file.

Game seed: 10448103105261957643

160 monsoonserge the Slasher (level 5, -3/39 HPs)
             Began as a Demonspawn Gladiator on Sept 1, 2023.
             Was a Believer of Lugonu.
             Slain by a gnoll
             ... wielding a +0 halberd
              (12 damage)
             ... on level 4 of the Dungeon.
             The game lasted 00:06:52 (2225 turns).

monsoonserge the Slasher (Demonspawn Gladiator)     Turns: 2225, Time: 00:06:53

Health: -3/39      AC: 14    Str: 21    XL:     5   Next: 17%
Magic:  5/5        EV:  9    Int: 15    God:    Lugonu [**....]
Gold:   216        SH:  0    Dex: 16    Spells: 4/4 levels left

rFire   . . .        D - +1 rapier (elec)
rCold   . . .        (no shield)
rNeg    . . .        C - +0 chain mail
rPois   .            m - +2 helmet
rElec   .            A - scarf {+Inv}
rCorr   .            v - +0 pair of gloves
SInv    .            (no boots)
Will    .....        (no amulet) Stlth
                     h - +6 ring of strength
HPRegen 0.26/turn    y - +6 ring of intelligence
MPRegen 0.09/turn

%: no passive effects
@: mighty
A: slimy green scales 1, ignite blood 1, spiny 1, demonic touch 1
a: Renounce Religion, Evoke Invisibility, Depart the Abyss, Banish


You were on level 4 of the Dungeon.
You worshipped Lugonu.
Lugonu was pleased with you.
You visited 1 branch of the dungeon, and saw 4 of its levels.

You collected 216 gold pieces.

Inventory:

Hand Weapons
 D - a +1 rapier of electrocution (weapon)
Missiles
 d - 3 throwing nets
 e - a javelin
 n - 5 poisoned darts
 s - 8 boomerangs (quivered)
Armour
 a - a +3 ring mail
 m - a +2 helmet (worn)
 u - a +0 ring mail
 v - a +0 pair of gloves (worn)
 A - a scarf of invisibility (worn)
 B - a +0 scale mail
 C - a +0 chain mail (worn)
Jewellery
 h - a +6 ring of strength (left hand)
 y - a +6 ring of intelligence (right hand)
Scrolls
 b - a scroll of fear {unknown}
 i - a scroll of enchant weapon {unknown}
 j - a scroll of immolation {unknown}
 l - 2 scrolls of poison {unknown}
 o - 2 scrolls of enchant armour {unknown}
 q - 2 scrolls of identify {unknown}
 w - a scroll of magic mapping {unknown}
 z - a scroll of blinking {unknown}
Potions
 c - a potion of magic
 f - a potion of brilliance {unknown}
 g - 4 potions of curing
 k - a potion of might
 p - a potion of attraction {unknown}
 r - a potion of lignification {unknown}
 x - a potion of haste {unknown}


   Skills:
 + Level 2.3 Fighting
 + Level 0.2(2.6) Short Blades
 + Level 4.3 Long Blades
 + Level 1.8 Throwing
 + Level 1.2 Armour
 + Level 3.3 Dodging
 + Level 0.4 Stealth
 * Level 0.2 Unarmed Combat
 * Level 0.1 Invocations


You had 4 spell levels left.
You didn't know any spells.
Your spell library contained the following spells:

 Spells                   Type           Power      Damage    Failure   Level
 Beastly Appendage        Tmut           0%         N/A       91%         1
 Foxfire                  Conj/Fire      0%         2x1d4     91%         1
 Ensorcelled Hibernation  Hex/Ice        0%         N/A       97%         2
 Passwall                 Tmut/Erth      0%         N/A       97%         2
 Wereblood                Tmut           0%         N/A       97%         2
 Spider Form              Tmut/Pois      0%         N/A       99%         3
 Summon Guardian Golem    Hex/Summ       0%         N/A       99%         3
 Swiftness                Air            0%         N/A       99%         3
 Fireball                 Conj/Fire      0%         3d3       100%        5
 Plasma Beam              Fire/Air       0%         2x1d11    100%        6
 Starburst                Conj/Fire      0%         6d3       100%        6
 Orb of Destruction       Conj           0%         9d5       100%        7
 Spellforged Servitor     Conj/Summ      0%         N/A       100%        7


Dungeon Overview and Level Annotations

Branches:
Dungeon (4/15)
 Temple: D:4-7

Altars:
Dithmenos
Sif Muna
Lugonu


Innate Abilities, Weirdness & Mutations

You are partially covered in slimy green scales. (AC +2)
Your demonic aura sometimes causes spilled blood to erupt in flames.
You are partially covered in sharp spines.
Your touch may inflict minor irresistible damage on your foes.


Message History

a - a +3 ring mail The kobold throws a poisoned dart.
The poisoned dart hits you!
You are poisoned.
You feel very sick.
You feel sick.
You feel sick.
You feel sick.
You feel sick.
The gnoll hits you from afar with a +0 halberd.
You feel sick.
You feel sick.
A hound comes into view.
You feel sick.
You are no longer poisoned.
The hound barks!
The hound bites you but does no damage. The hound is struck by your spines.
The hound bites you but does no damage. The hound bites you but does no damage.
The gnoll barely misses you. The hound bites you.
* * * LOW HITPOINT WARNING * * *
The gnoll hits you but does no damage. The hound is struck by your spines.
The hound bites you.
* * * LOW HITPOINT WARNING * * *
It was a potion of curing.
You feel better. The hound bites you.
* * * LOW HITPOINT WARNING * * *
The hound bites you but does no damage.
Okay, then.
It was a potion of magic.
Magic courses through your body. The gnoll barely misses you.
The hound barely misses you.
It was a potion of might.
You feel very mighty all of a sudden. The hound bites you but does no damage.
The gnoll hits you from afar with a +0 halberd.
* * * LOW HITPOINT WARNING * * *
The hound is struck by your spines. The hound bites you but does no damage.
You closely miss the hound.
The hound is moderately wounded.
The gnoll hits you from afar with a +0 halberd!
You die...

#################
#.................
#.................
#.................
#....g...........
#....hg..........
#...@##.g....##
#######.K....##....##
#........#......
#........#......
#........#......
##....####....##
#.....####....##
#........)......
....#.......K......


You could see a hound and 2 gnolls.

Vanquished Creatures
  A gnoll (D:4)
  6 adders
  A white imp (D:3)
  A worm (D:2)
  A dart slug (D:1)
  2 orcs
  4 endoplasms
  5 giant cockroaches
  9 goblins
  6 hobgoblins
  12 jackals (D:2)
  4 kobolds
  3 quokkas
  7 ball pythons
  3 bats
  4 frilled lizards
  7 rats
76 creatures vanquished.

Notes
Turn   | Place    | Note
-------+----------+-------------------------------------------
     0 | D:1      | monsoonserge the Demonspawn Gladiator began the quest for
                  | the Orb.
     0 | D:1      | Reached XP level 1. HP: 16/16 MP: 1/1
    71 | D:1      | Reached skill level 3 in Long Blades
    73 | D:1      | Gained mutation: You are partially covered in sharp spines.
                  | [demonic ancestry]
    73 | D:1      | Reached XP level 2. HP: 16/22 MP: 2/2
   583 | D:2      | Gained mutation: You are partially covered in slimy green
                  | scales. (AC +2) [demonic ancestry]
   583 | D:2      | Reached XP level 3. HP: 27/27 MP: 3/3
   662 | D:2      | Found a faded altar of an unknown god.
   699 | D:2      | Prayed at the altar of an unknown god.
   699 | D:2      | Became a worshipper of Lugonu the Unformed
   699 | D:2      | Reached * piety under Lugonu
   882 | D:2      | Gained mutation: Your demonic aura sometimes causes spilled
                  | blood to erupt in flames. [demonic ancestry]
   882 | D:2      | Reached XP level 4. HP: 32/33 MP: 4/4
   980 | D:2      | Reached ** piety under Lugonu
  1380 | D:3      | Reached skill level 1 in Armour
  1388 | D:3      | Reached skill level 4 in Long Blades
  1609 | D:3      | Gained mutation: Your touch may inflict minor irresistible
                  | damage on your foes. [demonic ancestry]
  1609 | D:3      | Reached XP level 5. HP: 15/39 MP: 5/5
  1988 | D:3      | Found a shimmering blue altar of Sif Muna.
  1989 | D:3      | Found a shadowy altar of Dithmenos.
  2225 | D:4      | Slain by a gnoll

Illustrated notes

Levels and vault maps discovered:
D:1:      dpeg_arrival_fog, layout_basic
D:2:      layout_loops_ring, ebering_ecumenical_altar_petrified,
          minmay_tetromino_s2
D:3:      layout_rooms, overflow_temple_1_default,
          gammafunk_temple_overflow_pools, chequers_avenue,
          minmay_randomly_rotated_circles
D:4:      layout_gridville, uniq_pikel

Skill      XL: |  1  2  3  4 |
---------------+-------------+-----
Long Blades    | 3 4 |  4.3
Dodging        | 3 |  3.3
Armour         | 1 |  1.2
Fighting       | |  2.3
Short Blades   | |  0.2
Throwing       | |  1.8
Stealth        | |  0.4
Unarmed Combat | |  0.2
Invocations    | |  0.1

Action                     |  1- 3 |  4- 6 || total
---------------------------+-------+-------++-------
  Melee: Long sword        |    73 |     4 ||    77
         Dagger            |       |    71 ||    71
         Rapier            |       |     5 ||     5
         Touch             |       |     2 ||     2
    Use: Potion            |       |     3 ||     3
 Armour: Leather armour    |    31 |     4 ||    35
         Ring mail         |       |    13 ||    13
         Chain mail        |       |    14 ||    14
  Dodge: Dodged            |    46 |    34 ||    80
